 Dungeon Crawl Stone Soup version 0.18.1-48-g4cf74bf (webtiles) character file.

411 Joat the Insei (level 6, -5/47 HPs)
             Began as a Draconian Transmuter on Aug 21, 2016.
             Slain by a gnoll
             ... wielding a +2 spear of flaming
              (10 damage)
             ... on level 4 of the Dungeon.
             The game lasted 00:15:05 (4598 turns).

Joat the Insei (Draconian Transmuter)               Turns: 4598, Time: 00:15:05

Health: -5/47      AC:  2    Str: 15    XL:     6   Next: 58%
Magic:  9/10       EV: 25    Int: 18    God:
Gold:   216        SH:  0    Dex: 22    Spells: 3 memorised, 2 levels left

rFire  . . .     SeeInvis .       - Unarmed
rCold  . . .     Gourm    .     (armour unavailable)
rNeg   . . .     Faith    .     (shield currently unavailable)
rPois  x         Spirit   .     (helmet currently unavailable)
rElec  .         Dismiss  .     (cloak currently unavailable)
rCorr  .         Reflect  .     (gloves currently unavailable)
SustAt .         Harm     .     (boots currently unavailable)
MR     .....                    (no amulet)
Stlth  +.........               C - +3 ring of strength
                                p - +3 ring of intelligence

@: agile, spider-form (expiring), glowing, not resistant to hostile
enchantments, very unstealthy
A: unfitting armour, (cold-blooded), AC +6
a: End Transformation


You were on level 4 of the Dungeon.
You were not hungry.
You were a venomous arachnid creature.
You visited 2 branches of the dungeon, and saw 5 of its levels.

You collected 216 gold pieces.

Inventory:

Hand Weapons
 E - a +2 flail of crushing (melded)
Missiles
 a - 58 arrows
 q - 23 poisoned needles
 t - 2 javelins (quivered)
Magical Staves
 F - an uncursed staff of energy
Jewellery
 p - a +3 ring of intelligence (left front leg)
 C - a +3 ring of strength (right front leg)
Wands
 n - a wand of iceblast (9/15)
 r - a wand of iceblast (4/15)
 A - a wand of disintegration (13/24)
Scrolls
 f - 3 scrolls of immolation {unknown}
 h - 3 scrolls of remove curse
 k - 3 scrolls of identify {unknown}
 o - 2 scrolls of amnesia {unknown}
 s - a scroll of noise {unknown}
 u - a scroll of enchant weapon {unknown}
 v - a scroll of fear {unknown}
 y - a scroll of fog {unknown}
 z - a scroll of random uselessness {unknown}
 B - a scroll of magic mapping {unknown}
Potions
 d - a potion of agility
 e - a potion of berserk rage {unknown}
 i - a potion of lignification {unknown}
 j - a potion of brilliance {unknown}
 l - 3 potions of curing {unknown}
 m - a potion of heal wounds {unknown}
 w - a potion of degeneration {unknown}
Books
 b - a book of Changes

   Spells                             Type                      Level
   a - Beastly Appendage              Transmutation                1
   b - Sticks to Snakes               Transmutation                2
   c - Spider Form                    Transmutation/Poison         3
   d - Ice Form                       Ice/Transmutation            4
   e - Blade Hands                    Transmutation                5
Comestibles
 c - 2 bread rations
 g - 6 fruits
 x - a meat ration


   Skills:
 - Level 1.1 Fighting
 - Level 1.7 Dodging
 - Level 4.2 Unarmed Combat
 + Level 2.7 Spellcasting
 - Level 4.1 Transmutations
 - Level 4.2 Poison Magic


You had 2 spell levels left.
You knew the following spells:

 Your Spells              Type           Power        Failure   Level  Hunger
c - Ice Form              Ice/Trmt       #.......     91%         4    #####..
q - Beastly Appendage     Trmt           ###...       12%         1    #......
v - Spider Form           Trmt/Pois      ###.......   28%         3    ###....


Dungeon Overview and Level Annotations

Branches:
Dungeon (4/15)             Temple (1/1) D:4

Altars:
Ashenzari
Elyvilon
Fedhas
Gozag
Okawaru
Sif Muna
Xom
Yredelemnul
The Shining One


Innate Abilities, Weirdness & Mutations

((Your plain brown scales are hard (AC +6).))
Your body does not fit into most forms of armour.
((You are cold-blooded and may be slowed by cold attacks.))


Message History

* * * LOW HITPOINT WARNING * * *
The gnoll barely misses you.
The gnoll shaman invokes the aid of its god against you.
You are outlined in light.
Your transformation is almost over.
The gnoll shaman calls upon its god to speed up the gnoll.
The gnoll seems to speed up.
The gnoll closely misses you.
The gnoll shaman utters an invocation to its god.
The gnoll shaman is healed somewhat.
The gnoll shaman looks more healthy.
The gnoll hits you from afar with a spear of flaming.
* * * LOW HITPOINT WARNING * * *
The gnoll burns you.
* * * LOW HITPOINT WARNING * * *
Drink which item? (? for menu, Esc to quit)
It was a potion of agility.
You feel agile all of a sudden.
The gnoll hits you from afar with a spear of flaming!
You die...

......#................#.....#
.....#######.##.##....##.....#
.....##...##.##.########.....##
.....(#...................>..[#
......#.....................<.#
......#................#.....##
##....'...##....##.g...#######
##...##...##....##.....#
##...##...#.....sg.....#
#....#..<.#.......g....#
+....#....'............#
##...#....########....##
##...#....##....##.....#
.'...#..........##.....#
.#...#..........########
#######..........#
##...##..........#


You could see 3 gnolls.

Vanquished Creatures
  A phantom (D:4)
  Natasha (thrice) (D:3)
  2 worker ants (D:4)
  A hound skeleton (D:3)
  3 gnolls (D:3)
  5 adders
  2 oozes
  5 worms
  A dart slug (D:1)
  4 giant geckos
  5 orcs
  2 giant cockroaches
  5 goblins
  8 hobgoblins
  10 jackals
  3 bats
  A giant newt (D:3)
  12 kobolds
  A quokka skeleton (D:4)
  9 rats
83 creatures vanquished.

Notes
Turn   | Place    | Note
--------------------------------------------------------------
     0 | D:1      | Joat the Draconian Transmuter began the quest for the Orb.
     0 | D:1      | Reached XP level 1. HP: 16/16 MP: 3/3
   114 | D:1      | Reached XP level 2. HP: 19/23 MP: 5/5
  1126 | D:2      | Reached XP level 3. HP: 19/28 MP: 6/6
  1131 | D:2      | Learned a level 3 spell: Spider Form
  1317 | D:2      | Reached skill level 1 in Poison Magic
  1349 | D:2      | Found an iron altar of Okawaru.
  1994 | D:2      | Reached XP level 4. HP: 31/35 MP: 3/7
  2801 | D:3      | Noticed Natasha
  2809 | D:3      | Killed Natasha
  2809 | D:3      | Reached XP level 5. HP: 35/40 MP: 4/8
  3001 | D:3      | Found a blossoming altar of Fedhas.
  3034 | D:3      | Noticed Natasha
  3041 | D:3      | Killed Natasha
  3250 | D:3      | Found a basalt altar of Yredelemnul.
  3275 | D:3      | Found a white marble altar of Elyvilon.
  3375 | D:3      | Noticed Natasha
  3391 | D:3      | Killed Natasha
  3704 | D:4      | Found a staircase to the Ecumenical Temple.
  3713 | Temple   | Entered the Ecumenical Temple
  3814 | D:4      | Noticed a phantom
  3842 | D:4      | Killed a phantom
  3842 | D:4      | Reached XP level 6. HP: 17/47 MP: 4/9
  4039 | D:4      | Learned a level 4 spell: Ice Form
  4598 | D:4      | Slain by a gnoll

Skill      XL: |  1  2  3  4  5 |
---------------+----------------+-----
Unarmed Combat | 4 |  4.2
Poison Magic   | 2 3 4 |  4.2
Transmutations | 4 |  4.1
Fighting       | |  1.1
Dodging        | |  1.7
Spellcasting   | |  2.7

Action                   |  1- 3 |  4- 6 || total
-------------------------+-------+-------++-------
Melee: Unarmed           |   132 |   175 ||   307
       Tailslap          |    11 |    13 ||    24
       Punch             |     4 |     2 ||     6
       Headbutt          |       |     1 ||     1
       Flail             |       |    19 ||    19
 Cast: Spider Form       |     2 |    11 ||    13
       Beastly Appendage |     1 |     3 ||     4
  Use: Scroll            |     1 |       ||     1
       Potion            |       |     1 ||     1
 Stab: Sleeping          |     1 |     1 ||     2
  Eat: Chunk             |     4 |     8 ||    12
       Beef jerky        |       |     1 ||     1
Armor: Skin              |    20 |    32 ||    52
Dodge: Dodged            |    61 |   161 ||   222
